 Dungeon Crawl Stone Soup version 0.31-a0-851-g7ff8af7976 (webtiles) character file.

Game seed: 4172884019735489040

20830144 Flugkiller the Middleweight Champion (level 27, 336/336 HPs)
             Began as an Octopode Shapeshifter on Oct 6, 2023.
             Was a High Priest of Wu Jian.
             Escaped with the Orb
             ... and 15 runes!
             The game lasted 01:53:11 (72672 turns).

Flugkiller the Middleweight Champion (OpSh)        Turns: 72672, Time: 01:53:11

Health: 336/336    AC: 18    Str: 37    XL:     27
Magic:  23/23      EV: 50    Int: 19    God:    Wu Jian [*****.]
Gold:   2421       SH:  0    Dex: 30    Spells: 26/26 levels left

rFire   + +          +
                       - Unarmed
rCold   + . .        M - melded +2 kite shield {rC+}
rNeg    + + .        (helmet currently unavailable)
rPois   +            R - amulet of Ethics {Regen+ Str+2 Dex+4}
rElec   .            a - ring "Muhuora" {rF+ rC+ Dex+3 Stlth-}
rCorr   .            Z - +6 ring of evasion
SInv    .            E - ring of Winter {rN++ Dex+6}
Will    ++...        j - +8 ring of slaying
Stlth   +++          v - +5 ring of evasion
HPRegen 1.56/turn    g - +6 ring of strength
MPRegen 0.18/turn    c - ring of protection from cold
                     W - +5 ring of evasion

%: no passive effects
@: dragon-form, flying, studying 4 skills
A: dragon claw, dragon scales, breathe fire, flying, boosted hp, almost no
armour, amphibious, 8 rings, giant, (camouflage 1), (gelatinous body 1), (nimble
swimmer 1), (tentacles), agile 1, clever 1, devolution 1
0: Orb of Zot
}: 15/15 runes: barnacled, slimy, silver, golden, iron, obsidian, icy, bone,
abyssal, demonic, glowing, magical, fiery, dark, gossamer
a: Breathe Fire, Begin Untransformation, Renounce Religion, Wall Jump, Serpent's
Lash, Heavenly Storm


You escaped.
You worshipped Wu Jian.
Wu Jian was extremely pleased with you.
You were a fearsome dragon!
You visited 18 branches of the dungeon, and saw 88 of its levels.
You visited Pandemonium 3 times, and saw 14 of its levels.
You visited the Abyss 2 times.
You also visited: Sewer, Ice Cave and Wizlab.

You collected 12223 gold pieces.
You spent 9802 gold pieces at shops.

Inventory:

Missiles
 l - 5 throwing nets
 G - 29 curare-tipped darts
Armour
 M - a +2 kite shield of cold resistance (melded)
   (You found it on level 3 of the Lair of Beasts)
Jewellery
 a - the ring "Muhuora" (left foreclaw) {rF+ rC+ Dex+3 Stlth-}
   (You bought it in a shop on level 3 of the Depths)

   [ring of protection from cold]

   Dex+3:     It affects your dexterity (+3).
   rF+:       It protects you from fire.
   rC+:       It protects you from cold.
   Stlth-:    It makes you less stealthy.
 c - a ring of protection from cold (on tentacle)
   (You found it on level 2 of the Tomb of the Ancients)
 g - a +6 ring of strength (on tentacle)
   (You found it on level 4 of the Vaults)
 i - a +4 ring of protection
   (You took it off a deep elf death mage on level 3 of the Elven Halls)
 j - a +8 ring of slaying (on tentacle)
   (You bought it in a shop on level 3 of the Depths)
 m - a ring of willpower
   (You found it on level 7 of the Dungeon)
 p - a +4 ring of protection
   (You found it on level 4 of the Dungeon)
 v - a +5 ring of evasion (on tentacle)
   (You found it on level 4 of the Lair of Beasts)
 x - the ring of Toekuaqa {Int+3 Dex+3 SInv}
   (You found it on level 5 of the Vaults)

   [ring of see invisible]

   Int+3:     It affects your intelligence (+3).
   Dex+3:     It affects your dexterity (+3).
   SInv:      It lets you see invisible.
 C - a +4 ring of protection
   (You took it off a deep elf annihilator on level 3 of the Elven Halls)
 E - the ring of Winter (on tentacle) {rN++ Dex+6}
   (You took it off a deep elf death mage on level 3 of the Elven Halls)

   [ring of dexterity]

   Dex+6:     It affects your dexterity (+6).
   rN++:      It greatly protects you from negative energy.
 I - a ring of willpower
   (You found it in Pandemonium)
 Q - the ring of Juesoke {rElec rN+ Stlth+}
   (You took it off a necromancer on level 5 of the Lair of Beasts)

   [ring of positive energy]

   rElec:     It insulates you from electricity.
   rN+:       It protects you from negative energy.
   Stlth+:    It makes you more stealthy.
 R - the amulet of Ethics (around neck) {Regen+ Str+2 Dex+4}
   (You found it on level 5 of the Lair of Beasts)

   [amulet of regeneration]

   Str+2:     It affects your strength (+2).
   Dex+4:     It affects your dexterity (+4).
   Regen+:    It increases your rate of health regeneration.
 S - the ring of Ynoypn {rF+ SInv}
   (You found it on level 7 of Cocytus)

   [ring of see invisible]

   rF+:       It protects you from fire.
   SInv:      It lets you see invisible.
 U - a ring of ice
   (You found it on level 5 of the Lair of Beasts)
 W - a +5 ring of evasion (on tentacle)
   (You took it off a deep elf death mage on level 3 of the Elven Halls)
 Z - a +6 ring of evasion (right foreclaw)
   (You bought it in a shop on level 3 of the Depths)
Talismans
 e - a talisman of death
   (You bought it in a shop on level 4 of the Depths)
 V - a storm talisman
   (You found it on level 5 of the Vaults)
 X - a dragon-blood talisman (active)
   (You found it on level 14 of the Dungeon)
Wands
 A - a wand of paralysis (104)
   (You found it on level 6 of the Dungeon)
 F - a wand of digging (20)
   (You found it on level 9 of the Dungeon)
 H - a wand of mindburst (63)
   (You found it on level 2 of the Elven Halls)
 N - a wand of acid (31)
   (You found it on level 3 of the Lair of Beasts)
 P - a wand of roots (54)
   (You found it on level 6 of the Dungeon)
Scrolls
 k - 9 scrolls of vulnerability
 r - a scroll of summoning
 t - 23 scrolls of teleportation
 y - a scroll of fog
 z - 4 scrolls of blinking
 D - 2 scrolls of revelation
 K - 5 scrolls of fear
Potions
 b - a potion of berserk rage
 d - 11 potions of might
 h - 2 potions of haste
 n - a potion of resistance
 o - 3 potions of attraction
 q - 10 potions of curing
 s - 3 potions of magic
 u - 9 potions of mutation
 w - 5 potions of heal wounds
 B - 4 potions of cancellation
 J - 3 potions of invisibility
 T - 9 potions of ambrosia
Miscellaneous
 f - a tin of tremorstones (2/2)
   (You found it on level 5 of the Vaults)
 L - a box of beasts
   (You found it on level 9 of the Dungeon)
 O - a phial of floods
   (You found it on level 4 of the Vaults)
 Y - a phantom mirror
   (You found it on level 4 of the Vaults)


   Skills:
 O Level 27 Fighting
 O Level 27 Dodging
 + Level 18.1 Stealth
 - Level 10.0 Shields
 O Level 27 Unarmed Combat
 O Level 27 Evocations
 O Level 27 Shapeshifting


You had 26 spell levels left.
You didn't know any spells.
Your spell library contained the following spells:

 Spells                   Type           Power      Damage    Failure   Level
 Apportation              Tloc           0%         N/A       21%         1
 Foxfire                  Conj/Fire      0%         2x1d4     21%         1
 Freeze                   Ice            0%         1d3       21%         1
 Kiss of Death            Conj/Necr      0%         2d5       21%         1
 Magic Dart               Conj           0%         1d3       21%         1
 Necrotise                Necr           0%         1d4       21%         1
 Sandblast                Erth           0%         2d4       21%         1
 Shock                    Conj/Air       0%         1d3       21%         1
 Slow                     Hex            0%         N/A       21%         1
 Sting                    Tmut/Pois      0%         1d3       21%         1
 Summon Small Mammal      Summ           0%         N/A       21%         1
 Call Imp                 Summ           0%         N/A       30%         2
 Cigotuvi's Dreadful Rot  Necr/Pois/Air  0%         N/A       30%         2
 Ensorcelled Hibernation  Hex/Ice        0%         N/A       30%         2
 Jinxbite                 Hex            0%         N/A       30%         2
 Passwall                 Tmut/Erth      0%         N/A       30%         2
 Poisonous Vapours        Pois/Air       0%         N/A       30%         2
 Scorch                   Fire           0%         2d5       30%         2
 Searing Ray              Conj           0%         2d4       30%         2
 Static Discharge         Conj/Air       0%         2-2/arc   30%         2
 Sublimation of Blood     Necr           0%         N/A       30%         2
 Wereblood                Tmut           0%         N/A       30%         2
 Call Canine Familiar     Summ           0%         N/A       52%         3
 Confusing Touch          Hex            0%         N/A       52%         3
 Dazzling Flash           Conj/Hex       0%         N/A       52%         3
 Frozen Ramparts          Ice            0%         1d1       52%         3
 Gell's Gravitas          Tloc           0%         N/A       52%         3
 Hailstorm                Conj/Ice       0%         3d3       52%         3
 Ignite Poison            Fire/Tmut/Pois 0%         N/A       52%         3
 Inner Flame              Hex/Fire       0%         N/A       52%         3
 Mephitic Cloud           Conj/Pois/Air  0%         N/A       52%         3
 Sigil of Binding         Hex            0%         N/A       52%         3
 Stone Arrow              Conj/Erth      0%         3d7       52%         3
 Swiftness                Air            0%         N/A       52%         3
 Teleport Other           Tloc           0%         N/A       52%         3
 Tukima's Dance           Hex            0%         N/A       52%         3
 Vampiric Draining        Necr           0%         2d6       52%         3
 Volatile Blastmotes      Fire/Tloc      0%         2d10      52%         3
 Airstrike                Air            0%         2d(0-16)  90%         4
 Anguish                  Hex/Necr       0%         N/A       90%         4
 Animate Dead             Necr           0%         N/A       90%         4
 Brom's Barrelling Bould  Conj/Erth      0%         2d3       90%         4
 Cause Fear               Hex            0%         N/A       90%         4
 Dimensional Bullseye     Hex/Tloc       0%         N/A       90%         4
 Dispel Undead            Necr           0%         3d6       90%         4
 Flame Wave               Conj/Fire      0%         2d4       90%         4
 Fulminant Prism          Conj/Hex       0%         3d5       90%         4
 Iskenderun's Mystic Bla  Conj/Tloc      0%         2d3       90%         4
 Leda's Liquefaction      Hex/Erth       0%         N/A       90%         4
 Manifold Assault         Tloc           0%         N/A       90%         4
 Olgreb's Toxic Radiance  Pois           0%         N/A       90%         4
 Passage of Golubria      Tloc           0%         N/A       90%         4
 Petrify                  Tmut/Erth      0%         N/A       90%         4
 Sticky Flame             Conj/Fire      0%         2d3       90%         4
 Summon Ice Beast         Ice/Summ       0%         N/A       90%         4
 Summon Lightning Spire   Summ/Air       0%         N/A       90%         4
 Vhi's Electric Charge    Tloc/Air       0%         N/A       90%         4
 Agony                    Necr           0%         N/A       99%         5
 Alistair's Intoxication  Tmut/Pois      0%         N/A       99%         5
 Arcjolt                  Conj/Air       0%         1d10      99%         5
 Borgnjor's Vile Clutch   Necr/Erth      0%         N/A       99%         5
 Fireball                 Conj/Fire      0%         3d3       99%         5
 Freezing Cloud           Conj/Ice/Air   0%         6-21      99%         5
 Iskenderun's Battlesphe  Conj           0%         2d6       99%         5
 Lee's Rapid Deconstruct  Erth           0%         3d4*      99%         5
 Metabolic Englaciation   Hex/Ice        0%         N/A       99%         5
 Silence                  Hex/Air        0%         N/A       99%         5
 Summon Mana Viper        Hex/Summ       0%         N/A       99%         5
 Yara's Violent Unravell  Hex/Tmut       0%         3d3       99%         5
 Bombard                  Conj/Erth      0%         9d1       100%        6
 Conjure Ball Lightning   Conj/Air       0%         3x3d6     100%        6
 Death Channel            Necr           0%         N/A       100%        6
 Dispersal                Tloc           0%         N/A       100%        6
 Eringya's Noxious Bog    Tmut/Pois      0%         4d6       100%        6
 Plasma Beam              Fire/Air       0%         2x1d10    100%        6
 Simulacrum               Ice/Necr       0%         N/A       100%        6
 Starburst                Conj/Fire      0%         6d3       100%        6
 Summon Cactus Giant      Summ           0%         N/A       100%        6
 Haunt                    Necr/Summ      0%         N/A       100%        7
 Monstrous Menagerie      Summ           0%         N/A       100%        7
 Orb of Destruction       Conj           0%         9d5       100%        7
 Ozocubu's Refrigeration  Ice            0%         4d7       100%        7
 Spellforged Servitor     Conj/Summ      0%         N/A       100%        7
 Summon Hydra             Summ           0%         N/A       100%        7
 Borgnjor's Revivificati  Necr           0%         N/A       100%        8
 Discord                  Hex            0%         N/A       100%        8
 Disjunction              Tloc           0%         N/A       100%        8
 Infestation              Necr           0%         N/A       100%        8
 Lehudib's Crystal Spear  Conj/Erth      0%         10d2      100%        8
 Maxwell's Capacitive Co  Air            0%         ∞         100%        8
 Chain Lightning          Conj/Air       0%         N/A       100%        9
 Death's Door             Necr           0%         N/A       100%        9
 Dragon's Call            Summ           0%         N/A       100%        9
 Fire Storm               Conj/Fire      0%         5d1       100%        9
 Polar Vortex             Ice            0%         N/A       100%        9
 Animate Armour           Summ/Erth      Unusable   N/A       N/A         4

Dungeon Overview and Level Annotations

Branches:
Dungeon (15/15)            Temple (1/1) D:7            Lair (5/5) D:10
 Shoals (4/4) Lair:3       Spider (4/4) Lair:2        Slime (5/5) Lair:5
    Orc (2/2) D:11            Elf (3/3) Orc:2        Vaults (5/5) D:13
  Crypt (3/3) Vaults:2       Tomb (3/3) Crypt:3      Depths (4/4) D:15
   Hell (visited)             Dis (7/7) Hell            Geh (7/7) Hell
    Coc (7/7) Hell            Tar (7/7) Hell            Zot (5/5) Depths:4
  Sewer (visited)           IceCv (visited)          WizLab (visited)

Altars:
Ashenzari
Cheibriados
Dithmenos
Elyvilon
Fedhas
Gozag
Hepliaklqana
Kikubaaqudgha
Makhleb
Nemelex Xobeh
Okawaru
Qazlal
Ru
Sif Muna
Trog
Uskayaw
Vehumet
Wu Jian
Xom
Yredelemnul
Zin
The Shining One
Lugonu

Shops:
D:4 *   D:12 [(   Orc:2 ?:(   Elf:1 :   Elf:2 [:[*   Elf:3 *[(   Shoals:2 =
Vaults:1 (   Vaults:2 (   Depths:3 (=   Depths:4 =::

Portals:
Hell: Depths:1 Depths:2 Depths:3 Depths:4
Abyss: Lair:3 Shoals:2 Depths:3
Pandemonium: Depths:1 Depths:2 Depths:4
Ziggurat: Depths:1

Annotations:
D:10 1 runed translucent door, ScrombusTheWizard's ghost, journeyman DjFE
Lair:3 2 transporters, casual's ghost, journeyman DjCj
Lair:5 exclusion: oklob plant
Elf:2 2 transporters
Vaults:4 2 transporters, Fauhuump's ghost, adept TeAE
Depths:1 exclusions: eye of devastation and 3 more exclusions
Depths:3 1 runed translucent door


Innate Abilities, Weirdness & Mutations

You are a fearsome dragon!
You have a powerful clawing attack.
Your giant scaled body is strong and resilient, but less evasive.
You can breathe fire.
You are flying.
Your maximum health is greatly increased.
Your armour is entirely melded.
You are incapable of wielding weapons or throwing items.
You cannot wear most types of armour.
You are amphibious.
You can wear up to eight rings at the same time.
((Your skin changes colour to match your surroundings (Stealth+).))
((Your rubbery body absorbs attacks. (AC +1, EV +1)))
((You are camouflaged when in or above water. (Stealth+)))
((You have tentacles for arms and can constrict up to eight enemies at once.))
You are agile. (Dex +4, Str/Int -1)
Your mind is acute. (Int +4, Str/Dex -1)
You have hidden genetic defects.


Message History

A balrug and 3 sun demons come into view.
The balrug is wielding a +0 vampiric demon whip.
Unknown command.
The sun demon moves out of view.
The sun demon shouts!
There is a staircase back to the Dungeon, spattered with blood here.
You fly upwards.
Welcome back to the Dungeon!
There is a staircase to the Depths here.
There is a stone staircase leading up here.
You fly upwards.
There is a stone staircase leading down, spattered with blood here.
There is an open door here.
There is an open door here.
There is an open door here.
There is an open door here.
There is an open door here.
There is a stone staircase leading up here.
You fly upwards.
There is a stone staircase leading down here.
There is a stone staircase leading up here.
You fly upwards.
There is a stone staircase leading down here.
There is a stone staircase leading up here.
You fly upwards.
There is a stone staircase leading down here.
There is a stone staircase leading up here.
You fly upwards.
Level annotation: 1 runed translucent door, ScrombusTheWizard's ghost, journeyman DjFE
There is a stone staircase leading down here.
There is a stone staircase leading up here.
You fly upwards.
There is a stone staircase leading down here.
Items here: )))) [[.
There is a stone staircase leading up here.
You fly upwards.
There is a stone staircase leading down here.
You see here a +0 flail.
There is a stone staircase leading up here.
You fly upwards.
There is a stone staircase leading down, spattered with blood here.
There is an escape hatch in the ceiling here.
A mysterious force pulls you upwards. The hatch slams shut behind you.
There is a stone staircase leading up here.
You fly upwards.
There is a stone staircase leading down here.
There is a stone staircase leading up here.
You fly upwards.
The endoplasm quivers.
There is a stone staircase leading down here.
A shadow demon comes into view.
You maul the shadow demon!!!
Your claw misses the shadow demon.
The shadow demon is almost dead.
You maul the shadow demon!!!!
You kill the shadow demon!
The Council accepts your kill.
No target in view!
There is a stone staircase leading up here.
You fly upwards.
There is a stone staircase leading down here.
There is a stone staircase leading up here.
You fly upwards.
There is a stone staircase leading down here.
A hellwing comes into view.
Unknown command.
The hellwing gives a chilling moan.
A hellwing comes into view.
The hellwing gives a chilling moan.
You maul the hellwing!!!
You kill the hellwing!
The Council accepts your kill.
Your Stealth skill increases to level 18!
You lunge at the hellwing, in a flurry of attacks.
You maul the hellwing!!!!!
You kill the hellwing!
The Council accepts your kill.
A tormentor comes into view.
There is a stone staircase leading up here.
You fly upwards.
There is a stone staircase leading down here.
You see here 2 stones.
An Executioner comes into view.
Unknown command.
There is a staircase leading out of the dungeon here.
You lunge at the Executioner, in a flurry of attacks.
You maul the Executioner!!!!!
You kill the Executioner!
The Council accepts your kill.
There is a staircase leading out of the dungeon here.
Enter note: gg You are a fearsome dragon!
You are flying.
You are studying Short Blades, Long Blades, Polearms and Unarmed Combat.
Your flying speed is average.
Your attack delay is about 0.5.
Your damage rating with unarmed combat is about 153 (Base [33 + 27 (UC)] x 167% (Str) x 145% (Fight) + 8 (Slay)).
Your base attributes are Str 21, Int 16, Dex 14.
Unknown command.
Search for what [Enter for "slay", or ? for help]?
Okay, then.
Enter note: 153 damage rating Unknown command.
You have escaped!

### ##D##
###...#
##.....#
###.....##
##.......##
###.........##
##............#
#.......##8..##
###
#.#....8##...#


There were no monsters in sight!

Vanquished Creatures
  Cerebov (Pan)
  Asmodeus (Geh:7)
  Antaeus (Coc:7)
  the Royal Jelly (Slime:5)
  Ereshkigal (Tar:7)
  Gloorx Vloq (Pan)
  Lom Lobon (Pan)
  Mnoleg (Pan)
  Dispater (Dis:7)
  the Serpent of Hell (Geh:7)
  3 orbs of fire (Zot:5)
  4 dread liches
  2 ancient liches
  Mara (Shoals:3)
  Mennas (Vaults:2)
  7 juggernauts
  28 royal mummies
  Sojobo (Vaults:2)
  Frederick (Vaults:3)
  Boris (Depths:4)
  Bai Suzhen (Depths:2)
  13 shard shrikes
  13 caustic shrikes
  Geryon (Hell)
  4 golden dragons
  7 profane servitors
  4 pandemonium lords (Pan)
  11 doom hounds
  24 bone dragons
  An electric golem (Zot:5)
  12 Brimstone Fiends
  13 Tzitzimimeh
  3 iron giants
  Arachne (Spider:3)
  2 spectral shard shrikes
  21 hellephants
  13 Ice Fiends
  Zenata (Crypt:1)
  15 searing wretches
  A walking earthen tome (Depths:3)
  7 liches
  25 tainted leviathans
  Asterion (Elf:3)
  10 tentacled monstrosities
  13 Hell Sentinels
  9 Orb Guardians (Zot:5)
  4 deep elf blademasters
  A walking divine tome (Depths:3)
  13 titans
  7 tentacled starspawn
  4 quicksilver dragons
  16 sphinxes
  Murray (Hell)
  18 Executioners
  2 deep elf master archers (Elf:3)
  Gastronok (D:8)
  19 ancient champions
  26 acid blobs
  3 death cobs
  2 thorn hunters (Abyss:4)
  7 storm dragons
  7 tengu reavers
  4 revenants
  13 azure jellies
  6 shadow dragons
  A demonspawn warmonger (Pan)
  5 deep elf sorcerers
  Ilsuiw (Shoals:2)
  Aizul (Elf:3)
  2 draconian monks (Zot:3)
  20 fire giants
  5 rockslimes
  17 frost giants
  5 narguns
  A draconian knight (Zot:3)
  A caustic shrike zombie (Crypt:1)
  15 vault wardens
  39 balrugs
  4 ghost moths
  10 shard shrike simulacra
  Louise (Spider:3)
  6 quicksilver elementals
  5 iron dragons
  4 curse skulls
  5 draconian scorchers
  3 draconian shifters
  3 spectral caustic shrikes
  2 angels
  A broodmother (Spider:4)
  4 deep elf elementalists
  A demonspawn blood saint (Pan)
  13 cacodemons (Pan)
  4 emperor scorpions
  3 orc warlords
  2 ghouls (Crypt:2)
  3 spriggan defenders
  3 draconian annihilators
  17 very ugly things
  A demonspawn corrupter (Pan)
  14 ironbound preservers
  5 draconian stormcallers
  18 stone giants
  27 war gargoyles
  4 formless jellyfish
  13 quicksilver oozes
  A juggernaut skeleton (Crypt:1)
  11 deep elf demonologists
  7 reapers
  2 green draconians
  8 vampire knights
  17 elemental wellsprings
  25 putrid mouths
  An eleionoma (shapeshifter) (D:14)
  A minotaur (Shoals:4)
  7 ironbound thunderhulks
  Azrael (Orc:2)
  7 black draconians
  A spectral titan (Tar:3)
  A demonspawn black sun (Pan)
  4 bennus
  17 purple draconians
  9 dire elephants
  4 lorocyprocas (Pan)
  3 starcursed masses
  6 yellow draconians
  6 white draconians
  11 wendigos
  3 statues (WizLab)
  10 deep elf annihilators
  6 spark wasps
  7 red draconians
  14 deep elf death magi
  3 green deaths (Pan)
  11 ettins
  7 eidola
  A merfolk javelineer (Shoals:4)
  26 mummy priests
  5 entropy weavers
  13 jiangshi
  8 blizzard demons
  5 merfolk impalers
  12 yaktaur captains
  5 fire dragons
  4 deep elf high priests
  2 quicksilver dragon zombies (Crypt:2)
  5 spectral spriggans
  The ghost of Ycoch the Unseen, a journeyman SpBr of Okawaru (D:14)
  11 iron golems
  11 great orbs of eyes
  4 rakshasas
  10 ice dragons
  6 juggernaut simulacra
  2 spectral iron giants
  3 hell beasts (Pan)
  16 salamander tyrants
  36 vault guards
  A spriggan air mage (Depths:1)
  2 spriggan skeletons
  12 caustic shrike simulacra
  6 hydras
  Erica (D:8)
  4 catoblepae
  8 ironbound frosthearts
  2 ogre magi (Vaults:5)
  2 jorogumos
  2 stokers
  6 radroaches
  2 death knights
  11 boulder beetles
  An alligator snapping turtle (Shoals:4)
  A spectral stone giant (Tar:1)
  9 centaur warriors
  15 satyrs
  2 fenstrider witch zombies (Crypt:1)
  3 two-headed ogres
  6 tengu warriors
  24 death scarabs
  5 deep troll shamans
  4 merfolk aquamancers
  29 dancing weapons
  4 merfolk avatars
  4 orc high priests (Orc:2)
  A titan zombie (Crypt:2)
  14 death yaks
  9 vampire magi
  A thrashing horror (Shoals:2)
  3 spectral dire elephants
  22 demonic crawlers
  24 hell hogs
  9 deep troll earth magi
  6 spriggan berserkers
  16 soul eaters
  6 spriggans
  27 hell knights
  A spectral death yak (Lair:5)
  25 deep elf knights
  12 sixfirhies
  39 skeletal warriors
  5 wretched stars
  33 sun demons
  7 crystal echidnas
  6 iron trolls
  A titan skeleton (Pan)
  2 storm dragon skeletons (Crypt:3)
  12 pharaoh ants
  5 skysharks
  A spectral bunyip (Tar:1)
  A sun moth (Spider:2)
  6 shadow wraiths
  29 large abominations
  6 shadow demons
  9 glowing orange brains
  6 quicksilver dragon simulacra
  2 bunyip zombies
  7 orb spiders
  A flayed ghost (Crypt:1)
  A bog body (Lair:3)
  A spectral hydra (Tar:2)
  2 spectral iron dragons
  8 sea snakes
  A bunyip skeleton (Crypt:3)
  2 orange crystal statues (IceCv)
  3 spectral anacondas
  48 deep trolls
  13 necromancers
  11 wizards
  A jorogumo zombie (Crypt:2)
  An iron giant skeleton (Crypt:3)
  10 lindwurms
  A lindwurm (shapeshifter) (Vaults:5)
  8 deep elf archers
  9 steelbarb worms
  An obsidian statue (Lair:5)
  A harpy (shapeshifter) (Elf:2)
  12 phantasmal warriors
  A sphinx simulacrum (Vaults:4)
  12 orc knights
  14 ironbound convokers
  An orc sorcerer (Orc:2)
  24 deep elf pyromancers
  18 wolf spiders
  24 harpies
  2 shadow dragon skeletons
  2 stone giant zombies
  41 ugly things
  25 deep elf zephyrmancers
  6 worldbinders
  A spectral ettin (Tar:2)
  2 spectral centaurs (Tar:2)
  14 manticores
  15 moths of wrath
  A shining eye (shapeshifter) (Elf:3)
  5 shining eyes
  18 fauns
  4 cyclopes
  5 black mambas
  3 stone giant skeletons
  10 merfolk sirens
  An ice statue (Lair:3)
  2 centaur zombies
  5 dire elephant zombies
  Joseph (D:7)
  2 titan simulacra (Coc:2)
  An elephant (shapeshifter) (Vaults:5)
  22 elephants
  2 naga zombies (Crypt:3)
  11 molten gargoyles (Geh:7)
  A toenail golem (Zot:4)
  2 apocalypse crabs (Shoals:2)
  9 water nymphs
  22 vault sentinels
  4 eyes of devastation
  A rust devil (Depths:2)
  Maurice (D:9)
  An alligator snapping turtle zombie (Tomb:2)
  22 smoke demons
  A centaur skeleton (Crypt:1)
  15 orange demons
  9 gargoyles
  6 efreet
  15 cane toads
  A green draconian zombie (Crypt:1)
  5 torpor snails
  A bunyip simulacrum (Coc:2)
  3 spectral swamp worms (Tar:7)
  A spectral demonspawn (Tar:2)
  6 komodo dragons
  10 freezing wraiths
  39 yaktaurs
  15 hellions
  3 anaconda simulacra
  6 rime drakes
  6 unseen horrors
  24 tormentors
  A kobold demonologist (D:12)
  5 spectral nagas
  10 tengu conjurers
  4 ice devils
  2 iron giant simulacra
  38 guardian mummies
  A white draconian skeleton (Crypt:1)
  A yaktaur skeleton (Vaults:4)
  6 spectral harpies
  6 meliai (Spider:4)
  8 trolls
  3 ancient zymes (Abyss:4)
  8 red devils
  A silent spectre (Tar:2)
  A harpy skeleton (Tomb:2)
  4 hellwings
  A merfolk (shapeshifter) (Vaults:5)
  A queen bee (shapeshifter) (Elf:3)
  6 polar bears
  A meliai (shapeshifter) (Elf:1)
  7 hornets
  A raiju (Spider:2)
  32 merfolk
  3 wind drakes
  17 tarantellas
  3 snapping turtles
  A shadow dragon simulacrum (Coc:1)
  A dream sheep (shapeshifter) (Depths:3)
  28 blink frogs
  2 ettin zombies (Crypt:3)
  7 dream sheep
  3 iron dragon simulacra
  30 flying skulls
  22 jumping spiders
  4 small abominations
  79 slime creatures
  2 centaur simulacra
  15 culicivoras
  5 wyverns
  2 air elementals (Elf:3)
  2 human simulacra (Vaults:4)
  A spriggan (shapeshifter) (Vaults:5)
  A stone giant simulacrum (Coc:2)
  21 water elementals
  A satyr skeleton (Crypt:2)
  5 shadows
  10 wraiths
  A naga simulacrum (Coc:7)
  16 ynoxinuls (Pan)
  19 ushabtiu
  74 yaks
  3 basilisks
  19 humans (D:13)
  6 vampires
  2 fire elementals (Orc:2)
  An unseen horror simulacrum (D:9)
  2 alligator snapping turtle simulacra (Coc:2)
  5 dire elephant simulacra
  A merfolk skeleton (Crypt:3)
  7 golden eyes
  2 death yak simulacra (Lair:5)
  12 chaos spawn
  18 neqoxecs
  A spatial vortex (Abyss:3)
  2 steam dragons (D:7)
  A redback (shapeshifter) (Vaults:5)
  45 redbacks
  2 spectral cane toads (Lair:5)
  4 vampire mosquitoes (D:14)
  18 harpy simulacra
  2 acid dragons
  5 wargs
  4 hell hounds (Orc:2)
  A naga (shapeshifter) (Elf:3)
  11 water moccasins
  A hydra simulacrum (Coc:7)
  Duvessa (D:7)
  4 great orb of eyes simulacra (IceCv)
  4 ice beasts
  36 orc warriors
  2 ettin simulacra
  8 ogres
  2 black bears
  An ice dragon simulacrum (Coc:1)
  7 wolves
  4 centaurs
  A snapping turtle zombie (Shoals:2)
  A wolf (shapeshifter) (Vaults:5)
  6 slime creature simulacra (IceCv)
  6 kobold brigands
  2 elf zombies
  15 bullfrogs
  A two-headed ogre simulacrum (Lair:3)
  4 cane toad simulacra
  An earth elemental (Elf:1)
  4 glowing shapeshifter simulacra (IceCv)
  4 gnoll sergeants
  A scorpion (D:5)
  Dowan (D:7)
  6 wights (D:9)
  A cyclops skeleton (Crypt:1)
  4 killer bees
  A yak zombie (Crypt:2)
  An elephant simulacrum (Lair:5)
  A raiju zombie (Crypt:2)
  4 howler monkeys
  2 electric eels
  2 crimson imps (Pan)
  3 sleepcaps
  7 jellies
  5 gnoll boudas
  28 orc priests
  A hound (D:4)
  A human zombie (Crypt:2)
  Terence (D:3)
  3 iguanas
  32 orc wizards
  6 hell rats
  A polar bear simulacrum (Lair:3)
  2 spriggan simulacra
  3 wolf simulacra (Lair:3)
  2 naga skeletons
  A hound skeleton (D:3)
  48 mummies
  29 gnolls
  7 adders
  A river rat (D:6)
  A shadow imp (D:7)
  4 white imps
  2 ufetubi
  2 adder skeletons (D:3)
  4 worms
  A dart slug (D:3)
  79 orcs
  8 ball pythons
  4 bats
  7 endoplasms
  4 giant cockroaches
  A gnoll zombie (Crypt:2)
  6 goblins
  7 hobgoblins
  6 quokkas
  A ball python skeleton (D:3)
  An endoplasm zombie (Crypt:2)
  5 frilled lizards
  2 jackal skeletons
  30 kobolds
  An orc skeleton (Crypt:2)
  A quokka zombie (D:3)
  10 rats
  A rat zombie (Crypt:1)
  4 creeping infernos
  16 fire vortices
  A spectral weapon (Elf:3)
  7 starspawn tentacles
3536 creatures vanquished.

Vanquished Creatures (others)
  An eldritch tentacle (Pan)
  A fire giant (Geh:7)
  A rakshasa (Pan)
  2 juggernaut simulacra
  A deep elf knight (Elf:2)
  A sun demon (Pan)
  3 spriggan simulacra
  A glowing orange brain (Depths:4)
  A wizard (Pan)
  A necromancer (Hell)
  A harpy (Shoals:4)
  A titan simulacrum (Coc:4)
  A molten gargoyle (Geh:7)
  An unseen horror (D:12)
  An iron giant simulacrum (Coc:7)
  A tormentor (Coc:7)
  An iron dragon simulacrum (Coc:2)
  2 naga simulacra
  2 golden eyes (Abyss:4)
  A large abomination (Pan)
  2 harpy simulacra
  A crimson imp (Pan)
  An orc priest (Orc:2)
  An orc wizard (D:9)
  3 ball lightnings (Pan)
  A creeping inferno (Geh:6)
  9 starspawn tentacles
43 creatures vanquished.

Grand Total: 3579 creatures vanquished

Notes
Turn   | Place    | Note
-------+----------+-------------------------------------------
     0 | D:1      | Flugkiller the Octopode Shapeshifter began the quest for
                  | the Orb.
     0 | D:1      | Reached XP level 1. HP: 13/13 MP: 1/1
    58 | D:1      | Reached XP level 2. HP: 3/18 MP: 2/2
   167 | D:1      | Found a faded altar of an unknown god.
   167 | D:1      | Noticed a shining eye
   170 | D:1      | Noticed an eye of devastation
   182 | D:1      | Noticed a golden eye
   182 | D:1      | Noticed a great orb of eyes
   749 | D:2      | Reached XP level 3. HP: 16/23 MP: 3/3
  1300 | D:3      | Reached XP level 4. HP: 28/28 MP: 4/4
  1411 | D:3      | Noticed Terence
  1418 | D:3      | Killed Terence
  1419 | D:3      | Reached skill level 5 in Unarmed Combat
  1684 | D:3      | Reached XP level 5. HP: 28/33 MP: 5/5
  1803 | D:3      | Found an iron altar of Okawaru.
  1804 | D:3      | Found an opulent altar of Gozag.
  2096 | D:4      | Found Orhuvi's Assorted Antiques.
  2238 | D:4      | Reached XP level 6. HP: 24/38 MP: 6/6
  2688 | D:5      | Entered Level 5 of the Dungeon
  2744 | D:5      | Reached XP level 7. HP: 39/43 MP: 7/7
  3271 | D:5      | Reached XP level 8. HP: 47/48 MP: 8/8
  3774 | D:6      | Found a glowing drain.
  3780 | Sewer    | Entered a sewer
  3986 | Sewer    | Reached skill level 10 in Unarmed Combat
  4524 | D:7      | Noticed Joseph
  4546 | D:7      | Killed Joseph
  4547 | D:7      | Reached XP level 9. HP: 32/53 MP: 9/9
  5160 | D:7      | Found a staircase to the Ecumenical Temple.
  5162 | D:7      | Noticed Dowan
  5168 | D:7      | Noticed Duvessa
  5172 | Temple   | Entered the Ecumenical Temple
  5177 | Temple   | Became a worshipper of the Wu Jian Council
  5205 | D:7      | Killed Duvessa
  5213 | D:7      | Killed Dowan
  5390 | D:7      | Reached XP level 10. HP: 58/58 MP: 10/10
  5391 | D:7      | Reached XP level 11. HP: 63/63 MP: 11/11
  5506 | D:8      | Noticed Erica
  5521 | D:8      | Found a blossoming altar of Fedhas.
  5590 | D:8      | Noticed Gastronok
  5927 | D:8      | Killed Erica
  6169 | D:8      | Killed Gastronok
  6275 | D:8      | Reached XP level 12. HP: 44/68 MP: 12/12
  6618 | D:9      | Reached * piety under Wu Jian
  6944 | D:9      | You fall into a shaft and drop 2 floors!
  6992 | D:11     | Found a staircase to the Orcish Mines.
  6992 | D:11     | Noticed a two-headed ogre
  7104 | D:10     | Entered Level 10 of the Dungeon
  7126 | D:9      | Noticed a two-headed ogre
  7295 | D:9      | Killed a two-headed ogre
  7303 | D:9      | Noticed Maurice
  7663 | D:9      | Reached ** piety under Wu Jian
  7695 | D:9      | Identified the amulet of Bahomaji {Acrobat MP+9 Str-3 Dex+3
                  | SInv}
  7700 | D:9      | Noticed a centaur warrior
  7719 | D:9      | Killed a centaur warrior
  7942 | D:9      | Found a shimmering blue altar of Sif Muna.
  8598 | D:9      | Killed Maurice
  8599 | D:9      | Reached skill level 5 in Fighting
  9369 | D:10     | Found a snail-covered altar of Cheibriados.
  9437 | D:10     | Reached *** piety under Wu Jian
  9448 | D:10     | Found a runed translucent door.
  9448 | D:10     | Noticed ScrombusTheWizard's ghost (journeyman DjFE)
  9473 | D:10     | Found a hide-covered altar of Uskayaw.
  9852 | D:10     | Found a staircase to the Lair.
 10732 | D:11     | Reached XP level 13. HP: 34/88 MP: 13/13
 11151 | D:11     | Reached **** piety under Wu Jian
 11542 | Lair:1   | Entered Level 1 of the Lair of Beasts
 11762 | Lair:1   | Reached skill level 10 in Fighting
 12540 | Lair:1   | Reached skill level 5 in Dodging
 12935 | Lair:2   | Identified the +7 flail of the Solstice {spect, rN+}
 13887 | Lair:2   | Found a hole to the Spider Nest.
 14235 | Lair:3   | Reached XP level 14. HP: 67/99 MP: 14/14
 14798 | Lair:3   | Reached skill level 10 in Dodging
 15118 | Lair:3   | Found a transporter.
 15119 | Lair:3   | Found a transporter.
 15194 | Lair:3   | Reached skill level 1 in Evocations
 15443 | Lair:3   | Noticed casual's ghost (journeyman DjCj)
 15592 | Lair:3   | Reached skill level 5 in Shapeshifting
 15701 | Lair:3   | Found a one-way gate to the infinite horrors of the Abyss.
 16744 | Lair:4   | Identified the +6 whip "Raosm" {holy, *Rage rN++ rCorr
                  | Str+2}
 16767 | Lair:4   | Reached skill level 5 in Evocations
 16959 | Lair:5   | Entered Level 5 of the Lair of Beasts
 17033 | Lair:5   | Reached skill level 1 in Shields
 17426 | Lair:5   | Reached XP level 15. HP: 91/103 MP: 15/15
 17429 | Lair:5   | Reached skill level 5 in Shields
 17857 | Lair:5   | Found a staircase to the Slime Pits.
 18217 | Lair:5   | Identified the ring of Juesoke {rElec rN+ Stlth+}
 18557 | Lair:5   | Reached ***** piety under Wu Jian
 18914 | Lair:5   | Reached skill level 10 in Shields
 19234 | Lair:5   | Identified the amulet of Ethics {Regen+ Str+2 Dex+4}
 19508 | D:12     | Found Botat's Armour Shoppe.
 19881 | D:12     | Found Latit's Weapon Emporium.
 20921 | D:13     | Found a gate to the Vaults.
 20928 | D:13     | Reached XP level 16. HP: 109/109 MP: 16/16
 21276 | D:14     | Noticed Ycoch's ghost (journeyman SpBr)
 21430 | D:14     | Identified the +11 spear of the Blue Skies {flame, Will+}
 21610 | D:14     | Found a runed translucent gate.
 21610 | D:14     | Found a runed translucent gate.
 21610 | D:14     | Found a runed translucent gate.
 21614 | D:14     | a fire giant changed into a fenstrider witch
 21614 | D:14     | Noticed a fenstrider witch (glowing shapeshifter)
 21615 | D:14     | a fenstrider witch changed into a quicksilver dragon
 21615 | D:14     | Noticed a quicksilver dragon (glowing shapeshifter)
 21621 | D:14     | a quicksilver dragon changed into a fenstrider witch
 21621 | D:14     | Noticed a fenstrider witch (glowing shapeshifter)
 21878 | D:14     | Killed Ycoch's ghost
 22028 | D:15     | Entered Level 15 of the Dungeon
 22904 | D:15     | Found a staircase to the Depths.
 23094 | Orc:1    | Entered Level 1 of the Orcish Mines
 23245 | Orc:2    | Entered Level 2 of the Orcish Mines
 23807 | Orc:2    | Reached ****** piety under Wu Jian
 23841 | Orc:2    | Found a staircase to the Elven Halls.
 24010 | Orc:2    | Found Jel Moomm's Magic Scroll Shop.
 24010 | Orc:2    | Found Jiewn's Weapon Boutique.
 24012 | Orc:2    | Found Merilebe's Weapon Boutique.
 24016 | Orc:2    | Found Teul's Book Shop.
 24019 | Orc:2    | Bought a scroll of blinking for 97 gold pieces
 24024 | Orc:2    | Bought a manual of Fighting for 1360 gold pieces
 24206 | Orc:2    | Noticed Azrael
 24223 | Orc:2    | Killed Azrael
 24686 | Elf:1    | Entered Level 1 of the Elven Halls
 24704 | Elf:1    | Reached XP level 17. HP: 32/115 MP: 17/17
 24800 | Elf:1    | Reached skill level 10 in Shapeshifting
 24807 | Elf:1    | You fall into a shaft and drop 1 floor!
 25034 | Elf:2    | Found a runed translucent gate.
 25034 | Elf:2    | Found a runed translucent gate.
 25035 | Elf:2    | Found a runed translucent gate.
 25613 | Elf:2    | Found Pinocs's Armour Emporium.
 25615 | Elf:2    | Found Yzal's Book Shoppe.
 25617 | Elf:2    | Found Desch's Armour Emporium.
 25700 | Elf:2    | Found a shimmering blue altar of Sif Muna.
 25751 | Elf:2    | Found a transporter.
 25751 | Elf:2    | Found Caosaik's Assorted Antiques.
 25779 | Elf:2    | Found a transporter.
 26259 | Elf:1    | Found the +8 demon blade "Leech" {evervamp, Harm Drain rN+}
 26353 | Elf:1    | Reached XP level 18. HP: 88/119 MP: 18/18
 26375 | Elf:1    | Got a torn book
 26389 | Elf:1    | Found Maweupi's Book Emporium.
 26551 | Elf:3    | Entered Level 3 of the Elven Halls
 26726 | Elf:3    | Noticed Asterion
 26747 | Elf:3    | HP: 9/180 [+0 long sword of freezing (15)]
 26748 | Elf:3    | HP: 4/180 [+0 long sword of freezing (3)]
 26752 | Elf:3    | Killed Asterion
 26871 | Elf:3    | Found Taoguyl's General Store.
 26873 | Elf:3    | Found Tiofusou's Antique Armour Shoppe.
 26876 | Elf:3    | Found Zacrenapn's Antique Weapon Emporium.
 26879 | Elf:3    | Bought a potion of heal wounds for 70 gold pieces
 26953 | Elf:3    | Reached skill level 15 in Shapeshifting
 27201 | Elf:3    | Paralysed by an air elemental for 1 turns
 27364 | Elf:3    | Noticed Aizul
 27374 | Elf:3    | Killed Aizul
 27664 | Elf:3    | Noticed a deep elf master archer
 27699 | Elf:3    | Identified the ring of Winter {rN++ Dex+6}
 27728 | Elf:3    | Noticed a Brimstone Fiend
 27729 | Elf:3    | Killed a deep elf master archer
 27819 | Elf:3    | Identified the +2 robe "Vyry" {Dex+2}
 27827 | Elf:3    | Identified the +0 falchion of the Globe {elec, rC- Str+6}
 27827 | Elf:3    | Noticed a deep elf master archer
 27827 | Elf:3    | Identified the ring "Suteuc Caku" {Will- Int+6 Slay+4}
 27827 | Elf:3    | Noticed a deep elf blademaster
 27834 | Elf:3    | Killed a deep elf blademaster
 27836 | Elf:3    | Noticed a deep elf blademaster
 27849 | Elf:3    | Killed a deep elf blademaster
 27869 | Elf:3    | Killed a deep elf master archer
 27989 | Elf:3    | Identified the ring "Kekentusk" {Fly Int+2}
 28101 | Elf:3    | Identified the staff of Infinite Pain {rPois Int+3 Poison}
 28435 | Spider:1 | Entered Level 1 of the Spider Nest
 28615 | Spider:1 | Reached XP level 19. HP: 131/131 MP: 19/19
 29467 | Spider:2 | Identified the +0 flail of Fate {spect, Will++ Stlth-}
 30141 | Spider:3 | Noticed Louise
 30159 | Spider:3 | Killed Louise
 30353 | Spider:3 | Noticed Arachne
 30361 | Spider:3 | Killed Arachne
 30870 | Spider:4 | Entered Level 4 of the Spider Nest
 31229 | Spider:4 | Got a gossamer rune of Zot
 31515 | Spider:4 | Reached XP level 20. HP: 144/144 MP: 1/20
 31903 | Slime:1  | Entered Level 1 of the Pits of Slime
 31921 | Slime:1  | Reached skill level 15 in Fighting
 31986 | Slime:1  | Gained mutation: Your magical capacity is low. (-10% MP) [a
                  | shining eye]
 32372 | Slime:3  | Gained mutation: You are occasionally teleported next to
                  | monsters. [a shining eye]
 32433 | Slime:5  | Entered Level 5 of the Pits of Slime
 32818 | Slime:5  | Paralysed by a great orb of eyes for 3 turns
 32881 | Slime:5  | Noticed the Royal Jelly
 32900 | Slime:5  | Killed the Royal Jelly
 33141 | Slime:5  | Identified the +2 plate armour of the Game Afoot {Regen+
                  | Int+7}
 33154 | Slime:5  | Identified the +2 pair of boots "Fiuthrun" {rCorr Int+3}
 33171 | Slime:5  | Got a slimy rune of Zot
 33172 | Slime:5  | Identified the +2 sling of Insufficient Pleasure {flame,
                  | Str+4 Int+4}
 33175 | Slime:5  | Identified the +10 arbalest of Voph {antimagic, Str+3}
 33209 | Slime:5  | Identified the +7 war axe "Ruetz" {heavy, *Noise rPois rC+
                  | MP+9}
 33405 | Slime:5  | Lost mutation: Your magical capacity is low. (-10% MP)
                  | [potion of mutation]
 33405 | Slime:5  | Lost mutation: You are occasionally teleported next to
                  | monsters. [potion of mutation]
 33405 | Slime:5  | Gained mutation: Your mind is acute. (Int +4, Str/Dex -1)
                  | [potion of mutation]
 33506 | Shoals:1 | Entered Level 1 of the Shoals
 34235 | Shoals:2 | Reached XP level 21. HP: 153/153 MP: 21/21
 34378 | Shoals:2 | Noticed Ilsuiw
 34387 | Shoals:2 | Killed Ilsuiw
 34442 | Shoals:2 | Found a frozen archway.
 34448 | IceCv    | Entered an ice cave
 34573 | IceCv    | Identified the -1 helmet of Daisies {rElec rF- rCorr Dex-5}
 34577 | IceCv    | Identified the +0 chain mail of Lightning Storm {Drain
                  | rPois Dex+6}
 34697 | IceCv    | Got the +6 dagger "Siaroxiv" {freeze, rC- rN+++ Int+3
                  | Stlth+}
 34971 | Shoals:2 | Found Kedeg's Jewellery Boutique.
 34975 | Shoals:2 | Paralysed by you for 5 turns
 35283 | Elf:2    | Bought a manual of Unarmed Combat for 1600 gold pieces
 35619 | Shoals:2 | Found a runed translucent door.
 35765 | Shoals:2 | Found a corrupted altar of Lugonu.
 35821 | Shoals:3 | Noticed Mara
 35827 | Shoals:3 | Killed Mara
 36561 | Shoals:4 | Entered Level 4 of the Shoals
 36645 | Shoals:4 | Reached skill level 27 in Unarmed Combat
 36828 | Shoals:4 | Identified the staff "Vaseg" {rElec Will- rCorr Str+3 Air}
 37000 | Shoals:4 | Got a barnacled rune of Zot
 37189 | Shoals:2 | Voluntarily entered the Abyss.
 37189 | Abyss:1  | Found a corrupted altar of Lugonu.
 37224 | Abyss:1  | Found a corrupted altar of Lugonu.
 37229 | Abyss:1  | Found a corrupted altar of Lugonu.
 37229 | Abyss:1  | Found a corrupted altar of Lugonu.
 37328 | Abyss:3  | Reached XP level 22. HP: 163/163 MP: 22/22
 37370 | Abyss:3  | Found a corrupted altar of Lugonu.
 37473 | Abyss:3  | Found a corrupted altar of Lugonu.
 37491 | Abyss:4  | Found an iron altar of Okawaru.
 37675 | Abyss:4  | Got an abyssal rune of Zot
 37809 | Shoals:2 | Escaped the Abyss
 38111 | Vaults:1 | Entered Level 1 of the Vaults
 38540 | Vaults:1 | Found Dikox's Weapon Shop.
 39327 | Vaults:2 | Noticed Mennas
 39345 | Vaults:2 | Killed Mennas
 39547 | Vaults:2 | Found a staircase to the Crypt.
 39564 | Vaults:2 | Found Reprytyu's Antique Weapon Shoppe.
 39719 | Vaults:2 | Noticed Sojobo
 39726 | Vaults:2 | Killed Sojobo
 40329 | Vaults:3 | Reached XP level 23. HP: 174/174 MP: 23/23
 40401 | Vaults:3 | Noticed Frederick
 40415 | Vaults:3 | Killed Frederick
 41580 | Vaults:4 | Identified the amulet of Brawling {Spirit +Blink Stlth+}
 41709 | Vaults:4 | Identified the +10 arbalest "Liepsu" {drain, Str+3 Dex+3}
 42369 | Vaults:4 | Found a transporter.
 42369 | Vaults:4 | Noticed Fauhuump's ghost (adept TeAE)
 42392 | Vaults:4 | Found a transporter.
 42528 | Vaults:5 | Entered Level 5 of the Vaults
 42542 | Vaults:5 | Noticed a golden dragon
 42545 | Vaults:5 | Killed a golden dragon
 42570 | Vaults:5 | Reached XP level 24. HP: 185/185 MP: 23/23
 42851 | Vaults:5 | Found the +27 heavy crossbow "Sniper" {heavy, Acc+∞ SInv}
 42976 | Vaults:5 | Noticed a dread lich
 42979 | Vaults:5 | Killed a dread lich
 43056 | Vaults:5 | Got a silver rune of Zot
 43070 | Vaults:5 | Identified the ring of Toekuaqa {Int+3 Dex+3 SInv}
 44046 | Crypt:1  | Entered Level 1 of the Crypt
 44062 | Crypt:1  | Noticed Zenata
 44067 | Crypt:1  | Killed Zenata
 44845 | Crypt:2  | Found a magical portal.
 44853 | WizLab   | Entered Iskenderun's Mystic Tower
 44874 | WizLab   | Reached XP level 25. HP: 197/197 MP: 23/23
 44976 | WizLab   | Got a fusty book
 45348 | Crypt:2  | Found an ancient bone altar of Kikubaaqudgha.
 45859 | Crypt:3  | Entered Level 3 of the Crypt
 46112 | Crypt:3  | Got a decrepit book
 46181 | Crypt:3  | Found a staircase to the Tomb.
 46230 | Crypt:3  | Identified the +5 dagger of Fimbulwinter {speed, Int+5
                  | Dex-5}
 46680 | Crypt:3  | Noticed a dread lich
 46687 | Crypt:3  | Killed a dread lich
 46789 | Crypt:3  | Found an ancient bone altar of Kikubaaqudgha.
 46791 | Crypt:3  | Noticed a dread lich
 46804 | Crypt:3  | Killed a dread lich
 46828 | Crypt:3  | Noticed a dread lich
 46831 | Crypt:3  | Killed a dread lich
 47126 | Crypt:3  | Found the +3 Elemental Staff {ele, rElec rF+ rC+ AC+3}
 47301 | Tomb:1   | Entered Level 1 of the Tomb of the Ancients
 47640 | Tomb:1   | Paralysed by a sphinx for 2 turns
 47818 | Tomb:1   | Noticed a royal mummy
 47821 | Tomb:1   | Killed a royal mummy
 48074 | Tomb:1   | Noticed a royal mummy
 48078 | Tomb:1   | Killed a royal mummy
 48285 | Tomb:1   | Reached XP level 26. HP: 207/207 MP: 23/23
 48678 | Tomb:2   | Noticed a royal mummy
 48678 | Tomb:2   | Noticed a royal mummy
 48683 | Tomb:2   | Noticed a royal mummy
 48683 | Tomb:2   | Noticed a royal mummy
 48683 | Tomb:2   | Killed a royal mummy
 48687 | Tomb:2   | Killed a royal mummy
 48689 | Tomb:2   | Killed a royal mummy
 48699 | Tomb:2   | Killed a royal mummy
 49348 | Tomb:1   | Noticed a royal mummy
 49349 | Tomb:1   | Killed a royal mummy
 49353 | Tomb:1   | Noticed a royal mummy
 49358 | Tomb:1   | Killed a royal mummy
 49359 | Tomb:1   | Noticed a royal mummy
 49362 | Tomb:1   | Noticed a royal mummy
 49363 | Tomb:1   | Killed a royal mummy
 49369 | Tomb:1   | Killed a royal mummy
 49369 | Tomb:1   | Noticed a royal mummy
 49371 | Tomb:1   | Killed a royal mummy
 49373 | Tomb:1   | Noticed a royal mummy
 49375 | Tomb:1   | Killed a royal mummy
 49393 | Tomb:1   | Noticed a royal mummy
 49396 | Tomb:1   | Killed a royal mummy
 49407 | Tomb:1   | Noticed a royal mummy
 49411 | Tomb:1   | Killed a royal mummy
 49680 | Tomb:1   | Noticed a royal mummy
 49684 | Tomb:1   | Killed a royal mummy
 49783 | Tomb:1   | Noticed a royal mummy
 49786 | Tomb:1   | Killed a royal mummy
 49800 | Tomb:1   | Noticed a royal mummy
 49874 | Tomb:1   | Killed a royal mummy
 49892 | Tomb:1   | Noticed a royal mummy
 49892 | Tomb:1   | Noticed a royal mummy
 50065 | Tomb:1   | Killed a royal mummy
 50065 | Tomb:1   | Killed a royal mummy
 50144 | Tomb:1   | Noticed a royal mummy
 50148 | Tomb:1   | Killed a royal mummy
 50157 | Tomb:1   | Noticed a royal mummy
 50160 | Tomb:1   | Killed a royal mummy
 50198 | Tomb:1   | Noticed a royal mummy
 50203 | Tomb:1   | Killed a royal mummy
 50409 | Tomb:1   | Noticed a royal mummy
 50411 | Tomb:1   | Noticed a royal mummy
 50412 | Tomb:1   | Noticed a royal mummy
 50413 | Tomb:1   | Killed a royal mummy
 50976 | Tomb:1   | Killed a royal mummy
 50985 | Tomb:1   | Killed a royal mummy
 51218 | Tomb:1   | Noticed a royal mummy
 51222 | Tomb:1   | Killed a royal mummy
 52100 | Tomb:3   | Entered Level 3 of the Tomb of the Ancients
 52198 | Tomb:3   | Noticed a royal mummy
 52198 | Tomb:3   | Noticed a royal mummy
 52199 | Tomb:3   | Noticed a royal mummy
 52201 | Tomb:3   | Killed a royal mummy
 52201 | Tomb:3   | Killed a royal mummy
 52496 | Tomb:3   | Noticed a royal mummy
 52500 | Tomb:3   | Noticed a royal mummy
 52500 | Tomb:3   | Noticed a royal mummy
 52500 | Tomb:3   | Noticed a royal mummy
 52505 | Tomb:3   | Noticed a royal mummy
 52509 | Tomb:3   | Got a golden rune of Zot
 52512 | Tomb:3   | Found the -2 hat of the Alchemist {rElec rPois rF+ rC+ rN+
                  | Will+ rMut rCorr}
 52512 | Tomb:3   | Found the +8 Wrath of Trog {antimagic, *Rage Rampage}
 53206 | Depths:1 | Entered Level 1 of the Depths
 53206 | Depths:1 | Found a one-way gate leading to the halls of Pandemonium.
 53265 | Depths:1 | Reached XP level 27. HP: 221/221 MP: 23/23
 53415 | Depths:1 | Found a gateway to Hell.
 53597 | Depths:1 | Found a one-way gateway to a ziggurat.
 53955 | Depths:2 | Noticed Bai Suzhen
 53960 | Depths:2 | Killed Bai Suzhen
 53992 | Depths:2 | Identified the +5 eveningstar "Namafawk" {elec, rElec}
 54024 | Depths:2 | Reached skill level 27 in Fighting
 54626 | Depths:3 | Noticed a juggernaut
 54628 | Depths:3 | Killed a juggernaut
 54635 | Depths:3 | Identified the +1 morningstar of Qucluifo {speed, *Slow rC+
                  | rN+ Dex+2}
 54821 | Depths:3 | Found Wined's Weapon Shoppe.
 55020 | Depths:3 | Found Ongybub's One-of-a-Kind Rings.
 55444 | Depths:3 | Found a runed translucent door.
 55486 | Depths:4 | Entered Level 4 of the Depths
 55563 | Depths:4 | Found a gate to the Realm of Zot.
 55943 | Depths:4 | Reached skill level 15 in Dodging
 56299 | Depths:4 | Noticed Boris
 56302 | Depths:4 | Found Xufe's Jewellery Boutique.
 56302 | Depths:4 | Found Gideh's Book Shoppe.
 56303 | Depths:4 | Found Tudemuf's Book Shoppe.
 56308 | Depths:4 | Killed Boris
 56627 | Elf:1    | Bought a manual of Dodging for 1040 gold pieces
 56910 | Depths:4 | Bought a talisman of death for 1591 gold pieces
 57018 | Pan      | Entered Pandemonium
 57097 | Pan      | Found an exit through the horrors of the Abyss.
 57104 | Pan      | Noticed Gyus the pandemonium lord
 57112 | Pan      | Killed Gyus the pandemonium lord
 57140 | Pan      | Got a demonic rune of Zot
 57388 | Pan      | Reached skill level 10 in Evocations
 57402 | Depths:1 | Escaped Pandemonium
 57404 | Pan      | Entered Pandemonium
 57490 | Pan      | Noticed Fefomas the pandemonium lord
 57497 | Pan      | Killed Fefomas the pandemonium lord
 57503 | Pan      | Gained mutation: You are agile. (Dex +4, Str/Int -1) [a
                  | cacodemon]
 57512 | Pan      | Identified the +8 scimitar "Dint" {flame, rElec Stlth+}
 57545 | Pan      | Noticed Penoll the pandemonium lord
 57547 | Pan      | Killed Penoll the pandemonium lord
 57612 | Pan      | Entered the realm of Mnoleg.
 57762 | Pan      | Noticed Mnoleg
 57774 | Pan      | Killed Mnoleg
 57813 | Pan      | Got a glowing rune of Zot
 58107 | Pan      | Entered the realm of Cerebov.
 58277 | Pan      | Found an exit through the horrors of the Abyss.
 58461 | Pan      | Reached skill level 15 in Evocations
 58498 | Pan      | Found the +6 sword of Cerebov {flame}
 58498 | Pan      | Noticed Cerebov
 58526 | Pan      | Killed Cerebov
 58706 | Pan      | Identified the +8 flail of the Extremes {heavy, rCorr
                  | Int+2}
 58799 | Pan      | Identified the +3 shortbow of Ilar {flame, Str+3}
 58938 | Pan      | Identified the +1 hand axe of Grand Purpose {heavy, +Blink
                  | rC++}
 58941 | Pan      | Identified the staff "Hydraslayer" {rPois rC+ Str-5 Int+6
                  | Poison}
 58968 | Pan      | Got a fiery rune of Zot
 59027 | Pan      | Noticed Houm the pandemonium lord
 59032 | Pan      | Killed Houm the pandemonium lord
 59058 | Depths:1 | Escaped Pandemonium
 59184 | Pan      | Entered the realm of Gloorx Vloq.
 59184 | Pan      | Entered Pandemonium
 59581 | Pan      | Noticed Gloorx Vloq
 59584 | Pan      | Killed Gloorx Vloq
 59603 | Pan      | Got a dark rune of Zot
 59748 | Pan      | Found an exit through the horrors of the Abyss.
 59754 | Pan      | Entered the realm of Lom Lobon.
 59754 | Pan      | Noticed Lom Lobon
 59763 | Pan      | Killed Lom Lobon
 59774 | Pan      | Got a magical rune of Zot
 60259 | Pan      | Found an exit through the horrors of the Abyss.
 60273 | Pan      | Took an exit into the Abyss.
 60273 | Abyss:4  | Escaped into the Abyss
 60296 | Depths:1 | Escaped the Abyss
 60336 | Hell     | Entered the Vestibule of Hell
 60336 | Hell     | Noticed Geryon
 60338 | Hell     | Killed Geryon
 60339 | Hell     | Noticed Murray
 60348 | Hell     | Killed Murray
 60356 | Hell     | Found a gateway to the freezing wastes of Cocytus.
 60596 | Hell     | Found a gateway to the Iron City of Dis.
 60635 | Hell     | Found a gateway to the ashen valley of Gehenna.
 60678 | Hell     | Found a gateway to the decaying netherworld of Tartarus.
 60826 | Geh:1    | Entered Level 1 of Gehenna
 60864 | Geh:1    | Noticed an ancient lich
 60871 | Geh:1    | Killed an ancient lich
 61300 | Geh:2    | You are sucked into a shaft and drop 1 floor!
 61757 | Geh:7    | Entered Level 7 of Gehenna
 61806 | Geh:7    | Noticed the Serpent of Hell
 61816 | Geh:7    | Killed the Serpent of Hell
 62893 | Geh:7    | Found the +13 sceptre of Asmodeus
 62893 | Geh:7    | Noticed Asmodeus
 62906 | Geh:7    | Killed Asmodeus
 62913 | Geh:7    | Got an obsidian rune of Zot
 63177 | Tar:1    | Entered Level 1 of Tartarus
 64371 | Tar:7    | Entered Level 7 of Tartarus
 66006 | Tar:7    | Noticed Ereshkigal
 66017 | Tar:7    | Killed Ereshkigal
 66041 | Tar:7    | Got a bone rune of Zot
 66043 | Tar:7    | Got a decrepit book
 66048 | Tar:7    | Identified the +1 plate armour of Sunlight {rPois Int+2}
 66436 | Depths:3 | Bought the ring "Muhuora" {rF+ rC+ Dex+3 Stlth-} for 614
                  | gold pieces
 66475 | Coc:1    | Entered Level 1 of Cocytus
 67823 | Coc:7    | Entered Level 7 of Cocytus
 68388 | Coc:7    | Noticed Antaeus
 68395 | Coc:7    | Killed Antaeus
 68403 | Coc:7    | Got an icy rune of Zot
 68483 | Coc:7    | Identified the ring of Ynoypn {rF+ SInv}
 68657 | Dis:1    | Entered Level 1 of the Iron City of Dis
 68878 | Dis:3    | Noticed a juggernaut
 68883 | Dis:3    | Killed a juggernaut
 68884 | Dis:3    | Reached skill level 27 in Evocations
 69124 | Dis:2    | Noticed an ancient lich
 69129 | Dis:2    | Killed an ancient lich
 69253 | Dis:3    | Noticed a juggernaut
 69261 | Dis:3    | Killed a juggernaut
 69274 | Dis:3    | Reached skill level 27 in Dodging
 69539 | Dis:3    | Noticed a juggernaut
 69542 | Dis:3    | Killed a juggernaut
 70090 | Dis:7    | Entered Level 7 of the Iron City of Dis
 70309 | Dis:7    | Noticed a juggernaut
 70314 | Dis:7    | Killed a juggernaut
 70314 | Dis:7    | Noticed a juggernaut
 70318 | Dis:7    | Noticed a juggernaut
 70325 | Dis:7    | Killed a juggernaut
 70338 | Dis:7    | Killed a juggernaut
 70352 | Dis:7    | Noticed Dispater
 70361 | Dis:7    | Killed Dispater
 70389 | Dis:7    | Got an iron rune of Zot
 70412 | Dis:7    | Reached skill level 27 in Shapeshifting
 70419 | Dis:7    | Reached skill level 1 in Stealth
 70500 | Zot:1    | Entered Level 1 of the Realm of Zot
 70599 | Depths:3 | Bought a +8 ring of slaying for 2800 gold pieces
 70599 | Depths:3 | Bought a +6 ring of evasion for 630 gold pieces
 70658 | Zot:1    | Reached skill level 5 in Stealth
 71178 | Zot:2    | Reached skill level 10 in Stealth
 72050 | Zot:5    | Entered Level 5 of the Realm of Zot
 72090 | Zot:5    | Reached skill level 15 in Stealth
 72245 | Zot:5    | Noticed an orb of fire
 72245 | Zot:5    | Noticed an orb of fire
 72245 | Zot:5    | Noticed an orb of fire
 72245 | Zot:5    | Noticed an orb of fire
 72247 | Zot:5    | Gained mutation: You have hidden genetic defects. [an orb
                  | of fire]
 72252 | Zot:5    | Killed an orb of fire
 72253 | Zot:5    | Killed an orb of fire
 72253 | Zot:5    | Killed an orb of fire
 72268 | Zot:5    | Got the Orb of Zot
 72346 | Zot:3    | Noticed a seraph
 72671 | D:1      | gg
 72671 | D:1      | 153 damage rating
 72672 | D:$      | Escaped with the Orb!

Illustrated notes

### ##D##
###...#
##.....#
###.....##
##.......##
###.........##
##............#
#.......##8..##
###
#.#....8##...#


Turn 72671 on D:1: gg

Levels and vault maps discovered:
D:1:      eino_arrival_cavern_d, layout_basic,
          hellmonk_ecumenical_altar_watching_god
D:2:      layout_loops_ring
D:3:      layout_loops_cross, gammafunk_temple_overflow_pools, serial_undead,
          serial_undead_d, serial_undead_e, serial_undead_d, serial_undead_c,
          uniq_terence
D:4:      layout_basic, nicolae_take_the_stairs
D:5:      layout_cave_pools
D:6:      layout_basic, gup_sewer_entry_bubbles
D:7:      layout_basic, minmay_temple_entry_slanted, uniq_duvessa, uniq_joseph
D:8:      layout_loops_ring, kennysheep_little_box, uniq_gastronok, uniq_erica
D:9:      hangedman_cross_cluster, layout_small_grid, serial_co_window_serial,
          co_window_corner_a, co_window_paths_b, co_window_corner_a,
          co_window_cross_1, co_window_paths_b, co_window_paths_b,
          co_window_of_opportunity_a, co_window_paths_a, co_window_paths_a,
          co_window_unsneaky_path_a, co_window_cross_2, co_window_paths_c,
          co_window_paths_c, glass_columns_a, glass_columns_b, uniq_maurice
D:10:     layout_stronghold, cheibrodos_worm_habitat, nicolae_uskayaw_suspiria,
          hellmonk_lair_entry_icy, gammafunk_ghost_grave, kennysheep_cross_room
D:11:     layout_roguey [special_room_orc], erik_orc_3, lightli_orcish_oven
D:12:     layout_basic, serial_shops, nicolae_shop_mannequins, shop,
          chequers_serial_rivers_room_a, kennysheep_generic_room_4
D:13:     layout_loops_cross, grunt_vaults_entry_tiered, minmay_misc_feat_doors
D:14:     layout_roguey, minmay_misc_feat_cross, gammafunk_ghost_split
D:15:     hellmonk_depths_entry_around_the_bend, layout_loops_ring,
          nicolae_kite_square_tiling_tiny
Temple:   nicolae_temple_bog_church
Lair:1:   layout_long_grid, lemuel_fruit_tree, grunt_megastairs_5
Lair:2:   layout_loops_ring, spider_nest_entry_a, grunt_megastairs_4
Lair:3:   dreamdust_isle_of_ice, layout_chaotic_city,
          nicolae_shoals_entry_flooding, gammafunk_ghost_abyssal_escape,
          st_stairs_9, chequers_serial_rivers_micro_c, serial_bayou_pond_c
Lair:4:   layout_big_grid, minivault_24, cheibrodos_lair_lostbears,
          infiniplex_staircase_pool
Lair:5:   due_jungle_book, layout_regular_city, nicolae_slime_entry_slimehenge
Shoals:1: layout_shoals, yaktaur_hedge
Shoals:2: layout_shoals, portal_ice_cave_entry_pillars_four,
          minmay_shop_enchanted_jewellery, nicolae_shoals_abyss_on_the_beach,
          uniq_ilsuiw
Shoals:3: layout_shoals, uniq_mara
Shoals:4: shoals_end_hellmonk_lost_city
Spider:1: layout_spider_delve, drop_trap
Spider:2: layout_chambers, beargit_elvish_explorers
Spider:3: layout_spider_delve, nicolae_spider_rock_and_or_roll, uniq_arachne,
          uniq_louise
Spider:4: hellmonk_spider_rune_bug_friends
Slime:1:  layout_caves
Slime:2:  layout_caves
Slime:3:  layout_caves
Slime:4:  layout_caves
Slime:5:  slime_pit_nicolae_royal_road_to_ruin
Orc:1:    layout_caves, basic_altar
Orc:2:    st_orc_mages, layout_diamond_mine, uniq_azrael
Elf:1:    minmay_elf_arrival_plus, layout_rooms, serial_shops, shop,
          minmay_elf_necromancy
Elf:2:    elven_hall_of_blades_hangedman_original
          [nicolae_blade_entry_diamond_columns], layout_onion_city,
          serial_shops, nicolae_shop_drivethru, basic_altar,
          nicolae_wooded_promenade
Elf:3:    grunt_elf_hall_asides, layout_geoelf_grid, serial_glass,
          glass_columns_a, glass_columns_b, glass_columns_c,
          minmay_strange_pillars, due_unseen_surprise, minivault_11,
          minmay_shop_star, uniq_asterion, uniq_aizul
Vaults:1: ontoclasm_vaults_decontamination, st_diamondy,
          nicolae_vaults_offset_grid_hallway_4, ontoclasm_vaults_ligature,
          v_misc_8, nicolae_vaults_closet_pinwheel_6, v_misc_18,
          nicolae_vaults_little_squares_5, vaults_dpeg_diagonal,
          nicolae_vaults_trapezoid_4, vaults_room_pool, layout_vaults_quadrants,
          serial_shops, shop
Vaults:2: v_misc_16, nicolae_vaults_tetromino_T_1, nicolae_vaults_heist,
          hangedman_vaults_locks, v_misc_26, nicolae_vaults_circle_grid_a,
          vaults_dpeg_spiral, hangedman_vaults_nails, layout_vaults_big_room,
          dummy_crypt_entry, serial_shops, shop, uniq_mennas, uniq_sojobo
Vaults:3: hangedman_vaults_stagger, nicolae_vaults_offset_grid_hallway_3,
          nicolae_vaults_network_periphery, ontoclasm_vaults_ring_small,
          v_misc_22, v_misc_11, nicolae_vaults_apartment_1, v_misc_16,
          v_misc_11, grunt_vaults_hallway_short, nicolae_vaults_house_2,
          layout_vaults_ring, uniq_frederick
Vaults:4: gammafunk_ghost_mausoleum, v_misc_5, nicolae_vaults_border_crossing,
          nicolae_vaults_big_ls, nicolae_vaults_security_offices_3, v_misc_2,
          nicolae_vaults_yaktaur_gun_rack, v_misc_5, nicolae_vaults_diamond_2,
          vaults_mumra_lcd, nicolae_vaults_tetromino_T_2,
          nicolae_vaults_variable_pillar_hall, layout_vaults_big_cross
Vaults:5: serial_shops
Crypt:1:  layout_regular_city, grunt_crypt_arrival_split, uniq_zenata
Crypt:2:  layout_gridlike, mu_enter_wizlab_4,
          lemuel_mausoleum_altar_kikubaaqudgha
Crypt:3:  quadcrypt_mu
Tomb:1
Tomb:2
Tomb:3
Depths:1: layout_cave_pools, enter_ziggurat_d, pan_entry, hell_entry,
          hangedman_decor_peaks_small, kennysheep_generic_room_11
Depths:2: minmay_the_grid_square_5x5_3x3
          [minmay_the_grid_square_5x5_doubleslash,
          minmay_the_grid_square_5x5_tri_point, minmay_the_grid_square_5x5_n,
          minmay_the_grid_square_5x5_fancy_junction,
          minmay_the_grid_square_5x5_megaprize_hollow,
          minmay_the_grid_square_5x5_slash, minmay_the_grid_square_5x5_empty,
          minmay_the_grid_square_5x5_inverted_slash,
          minmay_the_grid_square_5x5_inner_i], layout_long_grid,
          grunt_pan_entry_spiral, hell_entry, kennysheep_decorative_pillar,
          serial_sigils_hangedman_snap, serial_bayou_pond_c, uniq_bai_suzhen
Depths:3: hourglass_vault, layout_cave_pools, roderic_lattice_a, serial_shops,
          nicolae_shop_behind_doors, abyss_entry_small_statue_room, hell_entry,
          nicolae_shop_unique_rings, lightli_gold_pyramid
Depths:4: grunt_zot_entry_bicorn, layout_basic, rand_demon_pan_entry_1,
          corexii_corridor_pit, hangedman_tar_grid_catacomb, minmay_shop_grove,
          uniq_boris
Hell
Dis:1:    layout_regular_city
Dis:2:    layout_subdivisions
Dis:3:    nicolae_hells_titanomachy
Dis:4:    layout_regular_city
Dis:5:    layout_gridville
Dis:6:    layout_subdivisions
Dis:7:    dis_grunt_layers
Geh:1:    layout_gehenna_lava_caves
Geh:2:    layout_gehenna_pools_triple
Geh:3:    layout_gehenna_pools_triple
Geh:4:    layout_gehenna_lava_caves
Geh:5:    layout_gehenna_pools_triple
Geh:6:    layout_gehenna_lava_caves
Geh:7:    geh_hangedman
Coc:1:    layout_cocytus_delve
Coc:2:    layout_ice_bergs
Coc:3:    layout_cocytus_water_paths
Coc:4:    layout_ice_bergs
Coc:5:    layout_cocytus_delve, nicolae_coc_icebean_singular
          [nicolae_sub_coc_subbean]
Coc:6:    layout_cocytus_delve
Coc:7:    coc_old
Tar:1:    layout_grid_maze
Tar:2:    layout_cathedral_of_symmetry, nicolae_tar_spectre_spectrum
Tar:3:    layout_grid_maze
Tar:4:    layout_honeycomb
Tar:5:    layout_grid_maze
Tar:6:    layout_catacombs
Tar:7:    tar_minmay_river
Zot:1:    layout_basic, grunt_megastairs_3
Zot:2:    nicolae_moth_party, layout_misc_corridors
Zot:3:    layout_onion_interference
Zot:4:    layout_cathedral_of_symmetry
Zot:5:    layout_twisted_circle, lemuel_baited_zot_trap, st_stairs_4

Skill      XL: |  1  2  3  4  5  6  7  8  9 10 11 12 13 14 15 16 17 18 19 20 21 22 23 24 25 26 27 |
---------------+----------------------------------------------------------------------------------+-----
Unarmed Combat | 4 5 6 7 9 11 16 18 19 20 22 23 25 27 | 27.0
Fighting       | 8 10 12 14 16 17 19 20 22 24 26 27 | 27.0
Dodging        | 9 10 27 | 27.0
Shapeshifting  | 7 9 14 16 17 18 20 21 23 24 25 27 | 27.0
Evocations     | 6 27 | 27.0
Shields        | 4 10 | 10.0
Stealth        | 18 | 18.1

Action                     |  1- 3 |  4- 6 |  7- 9 | 10-12 | 13-15 | 16-18 | 19-21 | 22-24 | 25-27 || total
---------------------------+-------+-------+-------+-------+-------+-------+-------+-------+-------++-------
  Melee: Unarmed           |    67 |   105 |   185 |   341 |   989 |  1004 |  1094 |  1018 |  3484 ||  8287
         Tentacles         |    12 |    21 |    48 |    76 |   300 |   246 |       |       |    39 ||   742
         Constrict         |    13 |    27 |    45 |    43 |   112 |   171 |       |       |    13 ||   424
         Punch             |     3 |     8 |    17 |    36 |   171 |   173 |   167 |   209 |   711 ||  1495
         Tailslap          |       |       |       |       |       |    27 |   162 |   215 |   654 ||  1058
         Bite              |       |       |       |       |       |    18 |   118 |   131 |   461 ||   728
  Throw: Dart              |       |       |       |     2 |       |       |       |       |       ||     2
 Invoke: Serpent's Lash    |       |       |       |     1 |    31 |    27 |    19 |     7 |    72 ||   157
         Heavenly Storm    |       |       |       |       |       |     2 |     2 |     2 |    17 ||    23
Ability: Lunge             |       |       |       |    36 |    88 |   115 |   131 |    98 |   412 ||   880
         Whirlwind         |       |       |       |     5 |   139 |   147 |   152 |   121 |   792 ||  1356
  Evoke: Wand              |       |       |     3 |     3 |     2 |       |       |       |       ||     8
         Box of beasts     |       |       |       |       |     1 |       |       |       |       ||     1
         Phantom mirror    |       |       |       |       |       |       |       |       |     1 ||     1
    Use: Scroll            |       |     6 |     8 |     2 |    14 |     8 |     2 |     1 |    17 ||    58
         Potion            |       |     1 |     5 |     9 |     4 |     5 |     2 |     3 |    20 ||    49
   Stab: Sleeping          |     7 |     5 |     4 |     6 |     7 |    13 |     4 |       |     5 ||    51
         Invisible         |       |       |     2 |     3 |       |       |       |       |     4 ||     9
         Distracted        |       |       |       |     2 |     2 |       |     1 |     1 |    10 ||    16
         Paralysed         |       |       |       |     3 |     1 |       |       |       |       ||     4
 Armour: Skin              |    20 |    33 |    90 |   139 |   289 |   248 |   466 |   383 |   966 ||  2634
  Dodge: Dodged            |    32 |    61 |   105 |    89 |   374 |   374 |   681 |   439 |  2078 ||  4233
  Block: Other             |       |    14 |    38 |    33 |    41 |       |       |       |       ||   126
         Reflection        |       |     1 |     6 |     4 |     1 |       |       |       |       ||    12
         Buckler           |       |       |       |       |   100 |       |       |       |       ||   100
         Kite shield       |       |       |       |       |    63 |   266 |       |       |    34 ||   363
   Form: Dragon            |       |       |       |       |       |     1 |       |     1 |     2 ||     4
         Anaconda          |       |       |       |       |       |     1 |       |       |       ||     1
         Storm             |       |       |       |       |       |       |       |     1 |     1 ||     2
         Death             |       |       |       |       |       |       |       |       |     1 ||     1

Table legend: (Time is in decaauts)
 A = Elapsed time spent in this place.
 B = Non-inter-level travel time spent in this place.
 C = Inter-level travel time spent in this place.
 D = Time resting spent in this place.
 E = Time spent auto-exploring this place.
 F = Levels seen in this place.
 G = Mean time per level.
                   A        B        C        D        E       F      G
               +--------+--------+--------+--------+--------+-----+--------+
         Total |  70829 |  63856 |   6973 |  17243 |  30836 | 110 |  643.9 |
       Dungeon |  15466 |  13874 |   1592 |   3393 |   7290 |  15 | 1031.1 |
        Temple |     10 |      6 |      4 |      0 |      0 |   1 |   10.0 |
          Lair |   8292 |   7404 |    888 |   3210 |   2728 |   5 | 1658.4 |
        Shoals |   2963 |   2702 |    261 |    201 |   1837 |   4 |  740.8 |
   Spider Nest |   3225 |   3074 |    151 |    174 |   2271 |   4 |  806.2 |
    Slime Pits |   1424 |   1387 |     37 |    448 |    441 |   5 |  284.8 |
  Orcish Mines |   1871 |   1387 |    484 |    240 |    807 |   2 |  935.5 |
   Elven Halls |   3539 |   3220 |    319 |    822 |   1416 |   3 | 1179.7 |
        Vaults |   5822 |   5338 |    484 |    493 |   3697 |   5 | 1164.4 |
         Crypt |   3157 |   2758 |    399 |    176 |   2011 |   3 | 1052.3 |
          Tomb |   5465 |   4698 |    767 |   2769 |   1001 |   3 | 1821.7 |
        Depths |   3882 |   3167 |    715 |    382 |   2136 |   4 |  970.5 |
          Hell |    674 |    570 |    104 |    219 |    208 |   1 |  674.0 |
           Dis |   1528 |   1402 |    126 |    644 |    338 |   7 |  218.3 |
       Gehenna |   2257 |   2176 |     81 |    730 |    829 |   7 |  322.4 |
       Cocytus |   1990 |   1745 |    245 |    563 |    650 |   7 |  284.3 |
      Tartarus |   3217 |   3059 |    158 |   1657 |    716 |   7 |  459.6 |
           Zot |   1737 |   1586 |    151 |    217 |   1055 |   5 |  347.4 |
         Abyss |    608 |    608 |      0 |    127 |    218 |   5 |  121.6 |
   Pandemonium |   3001 |   3001 |      0 |    705 |    944 |  14 |  214.4 |
         Sewer |    267 |    267 |      0 |     39 |    143 |   1 |  267.0 |
      Ice Cave |    268 |    268 |      0 |      0 |     95 |   1 |  268.0 |
        Wizlab |    157 |    157 |      0 |     30 |      5 |   1 |  157.0 |
               +--------+--------+--------+--------+--------+-----+--------+

Top non-repeatable levels by time:
  Tomb:1: 3849 daAuts
     D:9: 2330 daAuts
  Lair:5: 2224 daAuts
  Lair:3: 2192 daAuts
   Tar:7: 2046 daAuts
  Lair:1: 1836 daAuts
   Elf:3: 1615 daAuts
 Crypt:3: 1513 daAuts
  Tomb:2: 1502 daAuts
    D:11: 1382 daAuts
    D:10: 1370 daAuts
   Geh:7: 1361 daAuts
Vaults:5: 1358 daAuts
  Lair:2: 1354 daAuts
   Orc:2: 1314 daAuts
